 Dungeon Crawl Stone Soup version 0.21.1-1-g345015f (webtiles) character file.

111 kae the Insei (level 4, -3/33 HPs)
             Began as a Demonspawn Transmuter on May 25, 2018.
             Slain by diana's ghost (7 damage)
             ... on level 4 of the Dungeon.
             The game lasted 00:02:21 (2127 turns).

kae the Insei (Demonspawn Transmuter)               Turns: 2127, Time: 00:02:22

Health: -3/33      AC:  2    Str: 11    XL:     4   Next: 62%
Magic:  6/7        EV: 12    Int: 14    God:
Gold:   152        SH:  0    Dex: 14    Spells: 6/7 levels left

rFire    . . .     SeeInvis .     - Unarmed
rCold    . . .     Gourm    .   (no shield)
rNeg     . . .     Faith    .   b - +0 robe
rPois    .         Spirit   .   (no helmet)
rElec    .         Reflect  .   (no cloak)
rCorr    .         Harm     .   (no gloves)
MR       .....                  (no boots)
Stlth    +.........             (no amulet)
HPRegen  0.11/turn              (no ring)
MPRegen  0.10/turn              (no ring)

@: appendage
A: hooves 1, horns 2, spiny 1
a: End Transformation


You were on level 4 of the Dungeon.
You were not hungry.
You had grown temporary horns.
You visited 1 branch of the dungeon, and saw 4 of its levels.

You collected 152 gold pieces.

Inventory:

Missiles
 a - 12 arrows
Armour
 b - a +0 robe (worn)
Jewellery
 g - an uncursed ring of wizardry {unknown}
Wands
 l - a wand of enslavement (11)
Scrolls
 e - a scroll of remove curse
 f - a scroll of identify
 h - 2 scrolls of teleportation
Potions
 i - a potion of ambrosia
 j - 2 potions of cancellation
 k - 2 potions of curing {unknown}
 m - a potion of heal wounds {unknown}
Books
 c - a book of Changes

   Spells                             Type                      Level
   a - Beastly Appendage              Transmutation                1
   b - Sticks to Snakes               Transmutation                2
   c - Spider Form                    Transmutation/Poison         3
   d - Ice Form                       Ice/Transmutation            4
   e - Blade Hands                    Transmutation                5
Comestibles
 d - 5 rations


   Skills:
 + Level 1.9 Fighting
 - Level 1.7 Dodging
 * Level 3.6 Unarmed Combat
 + Level 2.4 Spellcasting
 * Level 3.0 Transmutations


You had 6 spell levels left.
You knew the following spells:

 Your Spells              Type           Power        Failure   Level  Hunger
a - Beastly Appendage     Tmut           ##....       7%          1    #......


Dungeon Overview and Level Annotations

Branches:
Dungeon (4/15)
 Temple: D:4-7

Altars:

Annotations:
D:4 diana's ghost, amateur TrMo


Innate Abilities, Weirdness & Mutations

You have large cloven feet.
You are partially covered in sharp spines.
You have a pair of horns on your head.


Message History

A quokka comes into view.
You hit diana's ghost. You headbutt diana's ghost.
Diana's ghost is lightly damaged.
Diana's ghost completely misses you.
You completely miss diana's ghost. You headbutt diana's ghost!
Diana's ghost is moderately damaged.
Diana's ghost misses you.
You barely miss diana's ghost. You headbutt diana's ghost.
Diana's ghost is moderately damaged.
Diana's ghost hits you!
You hit the quokka. Your kick misses the quokka.
The quokka is severely wounded.
The quokka bites you. Diana's ghost barely misses you.
You miss the quokka. Your headbutt misses the quokka.
The quokka is severely wounded.
The quokka misses you. Diana's ghost hits you!!
Ouch! That really hurt!
* * * LOW HITPOINT WARNING * * *
The quokka barely misses you. Diana's ghost hits you!
You die...

..........##
...........
.....(....#
..........#
..........
#.......
###....W#
......r@#
##...#.........
## #.##......
.. ..#... ###
## ..


You could see diana's ghost and a quokka.

Vanquished Creatures
  An orc priest (D:3)
  2 adders (D:2)
  A worm (D:2)
  2 dart slugs
  2 leopard geckos
  4 orcs
  2 giant cockroaches
  6 goblins
  7 hobgoblins
  8 jackals (D:2)
  A ball python (D:1)
  3 bats
  2 frilled lizards (D:2)
  2 kobolds
  5 rats
48 creatures vanquished.

Notes
Turn   | Place    | Note
-------+----------+-------------------------------------------
     0 | D:1      | kae the Demonspawn Transmuter began the quest for the Orb.
     0 | D:1      | Reached XP level 1. HP: 15/15 MP: 3/3
     6 | D:1      | Noticed a polar bear
     6 | D:1      | Noticed a five-headed hydra
   267 | D:1      | Gained mutation: You are partially covered in sharp spines. [demonic ancestry]
   267 | D:1      | Reached XP level 2. HP: 8/21 MP: 3/5
   907 | D:2      | Lost mutation: You have claws for feet. [demonic ancestry]
   907 | D:2      | Lost mutation: You have razor-sharp toenails. [demonic ancestry]
   907 | D:2      | Lost mutation: You have sharp toenails. [demonic ancestry]
   907 | D:2      | Gained mutation: You have large cloven feet. [demonic ancestry]
   907 | D:2      | Reached XP level 3. HP: 20/26 MP: 4/6
  1441 | D:2      | Reached XP level 4. HP: 11/33 MP: 5/7
  2118 | D:4      | Noticed diana's ghost (amateur TrMo)
  2127 | D:4      | Slain by diana's ghost

Skill      XL: |  1  2  3  4 |
---------------+-------------+-----
Transmutations | 2 3 |  3.0
Unarmed Combat | 3 |  3.6
Fighting       | |  1.9
Dodging        | |  1.7
Spellcasting   | |  2.4

Action                   |  1- 3 |  4- 6 || total
-------------------------+-------+-------++-------
Melee: Unarmed           |    89 |    21 ||   110
       Kick              |    10 |     7 ||    17
       Headbutt          |     4 |     4 ||     8
       Punch             |     1 |     1 ||     2
 Cast: Beastly Appendage |    21 |     9 ||    30
  Use: Scroll            |     5 |       ||     5
       Potion            |     1 |       ||     1
  Eat: Chunk             |     1 |     3 ||     4
Armor: Robe              |    18 |       ||    18
Dodge: Dodged            |    64 |    22 ||    86
